 Dungeon Crawl Stone Soup version 0.29-a0-541-gaf1fc19f1b (webtiles) character file.

Game seed: 7252379571515624126

1 Zeld the Shield-Bearer (level 1, -1/19 HPs)
             Began as a Meteoran Fighter on June 3, 2022.
             Slain by a gnoll
             ... wielding a +0 flail
              (5 damage)
             ... on level 1 of the Dungeon.
             The game lasted 00:00:11 (62 turns).

Zeld the Shield-Bearer (Meteoran Fighter)             Turns: 62, Time: 00:00:12

Health: -1/19      AC:  6    Str: 17    XL:     1   Next: 28%
Magic:  2/2        EV:  9    Int:  9    God:
Gold:   0          SH:  5    Dex: 13    Spells: 0/0 levels left

rFire   . . .      SeeInvis .   a - +0 war axe
rCold   . . .      Faith    .   c - +0 buckler
rNeg    . . .      Spirit   .   b - +0 scale mail
rPois   .          Reflect  .   (no helmet)
rElec   .          Harm     .   (no cloak)
rCorr   .          Rampage  .   (no gloves)
Will    .....                   (no boots)
Stlth   ..........              (no amulet)
HPRegen 0.06/turn               (no ring)
MPRegen 0.08/turn               (no ring)

@: glowing
A: sense surroundings 1, otherworldly, glowing, explore regen
a: no special abilities


You were on level 1 of the Dungeon.
You visited 1 branch of the dungeon, and saw 1 of its levels.

Inventory:

Hand Weapons
 a - a +0 war axe (weapon)
Armour
 b - a +0 scale mail (worn)
 c - a +0 buckler (worn)
Potions
 d - a potion of might


   Skills:
 * Level 3.3 Fighting
 * Level 2.4 Axes
 + Level 3.6 Armour
 + Level 0.0 Dodging
 * Level 3.6 Shields


You couldn't memorise any spells.
You didn't know any spells.
Your spell library was empty.

Dungeon Overview and Level Annotations

Branches:
Dungeon (1/15)

Altars:


Innate Abilities, Weirdness & Mutations

You passively map a small area around you.
You are easily found by Zot.
You glow in the dark.
You regain HP and MP as you explore.


Message History

The giant cockroach bites you but does no damage.
You hit the giant cockroach.
The giant cockroach is moderately wounded.
The giant cockroach bites you but does no damage. x2
A giant cockroach is nearby!
You closely miss the giant cockroach.
The giant cockroach is moderately wounded.
The giant cockroach bites you but does no damage.
A giant cockroach is nearby!
You closely miss the giant cockroach.
The giant cockroach is moderately wounded.
The giant cockroach closely misses you. The giant cockroach barely misses you.
A giant cockroach is nearby!
You closely miss the giant cockroach.
The giant cockroach is moderately wounded.
The giant cockroach bites you. x2
A giant cockroach is nearby!
You hit the giant cockroach.
You kill the giant cockroach!
HP restored.
You see here a giant cockroach corpse.
A gnoll comes into view. It is wielding a +0 flail.
The gnoll shouts!
A gnoll is nearby!
A gnoll is nearby!
A gnoll is nearby!
You block the gnoll's attack.
You hit the gnoll.
The gnoll is moderately wounded.
The gnoll hits you with a +0 flail!
You closely miss the gnoll.
The gnoll is moderately wounded.
The gnoll hits you with a +0 flail.
* * * LOW HITPOINT WARNING * * *
You block the gnoll's attack.
You are too injured to fight recklessly!
You are too injured to fight recklessly!
The gnoll attacks as you move away! The gnoll hits you but does no damage.
The gnoll attacks as you move away! The gnoll hits you with a +0 flail.
You die...

..≈≈..8..♣.≈≈..# * *
#..≈≈♣....≈≈...# .##
##..≈≈≈.≈≈≈...## ##..#
#............##########.....,
............## #............
....).......## #............
, .#...........#
#............ ,
...#.........###............
,
#..##########†..@g..........
.., #..(............
#..)...####..... #......#
.... , , * #......# ,... ,
#......# , .. #......# , .
#......# ,,


You could see a gnoll.

Vanquished Creatures
  A giant cockroach (D:1)
1 creature vanquished.

Notes
Turn   | Place    | Note
-------+----------+-------------------------------------------
     0 | D:1      | Zeld the Meteoran Fighter began the quest for the Orb.
     0 | D:1      | Reached XP level 1. HP: 19/19 MP: 2/2
    62 | D:1      | Slain by a gnoll

Illustrated notes

Levels and vault maps discovered:
D:1:      moated_graveyard_arrival, layout_basic, basic_ecumenical_altar

Action                   || total
-------------------------++-------
Melee: War axe           ||     8
Armor: Scale mail        ||     5
Dodge: Dodged            ||     2
Block: Buckler           ||     2

Table legend: (Time is in decaauts)
 A = Elapsed time spent in this place.
 B = Non-inter-level travel time spent in this place.
 C = Inter-level travel time spent in this place.
 D = Time resting spent in this place.
 E = Time spent auto-exploring this place.
 F = Levels seen in this place.
 G = Mean time per level.
                   A        B        C        D        E       F      G
               +--------+--------+--------+--------+--------+-----+--------+
         Total |     65 |     65 |      0 |      0 |     41 |   1 |   65.0 |
       Dungeon |     65 |     65 |      0 |      0 |     41 |   1 |   65.0 |
               +--------+--------+--------+--------+--------+-----+--------+

Top non-repeatable levels by time:
     D:1: 65 daAuts
